 Dungeon Crawl Stone Soup version 0.23.0 (webtiles) character file.

Game seed: 9728369590459955255

828 Nygeryga the Cleaver (level 7, -13/61 HPs)
             Began as a Minotaur Fighter on Feb 9, 2019.
             Mangled by Peloso's ghost (14 damage)
             ... on level 3 of the Dungeon.
             The game lasted 00:07:40 (3435 turns).

Nygeryga the Cleaver (Minotaur Fighter)             Turns: 3435, Time: 00:07:41

Health: -13/61     AC:  6    Str: 23    XL:     7   Next: 65%
Magic:  6/6        EV:  7    Int:  5    God:
Gold:   202        SH:  9    Dex:  9    Spells: 6/6 levels left

rFire    . . .     SeeInvis .   a - +0 war axe
rCold    . . .     Gourm    .   c - +0 shield
rNeg     . . .     Faith    .   b - +0 scale mail
rPois    .         Spirit   .   (helmet restricted)
rElec    .         Reflect  .   (no cloak)
rCorr    .         Harm     .   (no gloves)
MR       .....                  (no boots)
Stlth    ..........             (no amulet)
HPRegen  0.20/turn              (no ring)
MPRegen  0.10/turn              (no ring)

@: no status effects
A: retaliatory headbutt, horns 2
a: no special abilities


You were on level 3 of the Dungeon.
You were not hungry.

You visited 1 branch of the dungeon, and saw 6 of its levels.

You collected 202 gold pieces.

Inventory:

Hand Weapons
 a - a +0 war axe (weapon)
Armour
 b - a +0 scale mail (worn)
 c - a +0 shield (worn)
Wands
 s - a wand of paralysis (7)
Scrolls
 h - a scroll of immolation {unknown}
 k - 3 scrolls of remove curse {unknown}
 m - 2 scrolls of teleportation {unknown}
 n - 5 scrolls of identify {unknown}
Potions
 d - a potion of might
 e - 4 potions of brilliance {unknown}
 g - 3 potions of curing {unknown}
 i - 2 potions of degeneration {unknown}
 j - 2 potions of ambrosia {unknown}
 l - a potion of haste {unknown}
 o - 2 potions of lignification {unknown}
 p - a potion of magic {unknown}
 r - a potion of cancellation {unknown}
Comestibles
 f - 5 rations


   Skills:
 + Level 5.5 Fighting
 * Level 9.7 Axes
 - Level 3.6 Armour
 - Level 3.6 Shields


You had 6 spell levels left.
You didn't know any spells.
Your spell library was empty.

Dungeon Overview and Level Annotations

Branches:
Dungeon (6/15)
 Temple: D:4-7

Altars:
Dithmenos

Annotations:
D:3 NormalPerson7T's ghost, weakling DDFi; Peloso's ghost, amateur MiFi


Innate Abilities, Weirdness & Mutations

You reflexively headbutt those who attack you in melee.
You have a pair of horns on your head.


Message History

You slash Peloso's ghost!
You headbutt Peloso's ghost, but do no damage.
Peloso's ghost is moderately damaged.
Peloso's ghost hits you.
* * * LOW HITPOINT WARNING * * *
NormalPerson7T's ghost whispers, "Death doesn't hurt.
What you feel is life."
You hit Peloso's ghost.
You headbutt Peloso's ghost, but do no damage.
Peloso's ghost is moderately damaged.
Peloso's ghost hits you!
* * * LOW HITPOINT WARNING * * *
Your shield and scale mail prevent you from hitting Peloso's ghost.
You headbutt Peloso's ghost!
Peloso's ghost is moderately damaged.
Peloso's ghost hits you.
* * * LOW HITPOINT WARNING * * *
You hit Peloso's ghost. You headbutt Peloso's ghost.
Peloso's ghost is heavily damaged.
Peloso's ghost hits you!
You die...

#.#......# #...'.....⌠ #.
#.####.#.#####.#.'...... #.
#.####.#.##...WWW#.$...$#####.
#......#.##.##.#.#....8##.....
########.##.##W###/8$%###.#.#.
#.......######## #.....
####.#####.# #.#... #.#####.#
#..... #WW@....# ###...
######### ##... ##....
####..... #........ #.#......
#.#...... #.##..... #.###...#


You could see NormalPerson7T's ghost and Peloso's ghost.

Vanquished Creatures
  The ghost of aloneDruid the Shield-Bearer, an amateur FoFi (D:3)
  The ghost of Baz the Sneak, an amateur VSAr (D:3)
  2 phantoms
  A howler monkey (D:4)
  An orc priest (D:2)
  Jessica (D:3)
  2 hound skeletons
  4 gnolls (D:3)
  4 adders (D:3)
  2 oozes (D:1)
  4 worms
  4 leopard geckos
  11 orcs
  12 bats
  2 giant cockroaches
  3 goblins
  5 hobgoblins
  8 jackals (D:2)
  6 kobolds
  A ball python (D:2)
  7 frilled lizards
  6 rats
88 creatures vanquished.

Vanquished Creatures (others)
  A withered plant (D:3)
1 creature vanquished.

Grand Total: 89 creatures vanquished

Notes
Turn   | Place    | Note
-------+----------+-------------------------------------------
     0 | D:1      | Nygeryga the Minotaur Fighter began the quest for the Orb.
     0 | D:1      | Reached XP level 1. HP: 19/19 MP: 0/0
   107 | D:1      | Reached XP level 2. HP: 27/27 MP: 1/1
   286 | D:1      | Reached skill level 3 in Axes
   943 | D:2      | Reached XP level 3. HP: 18/34 MP: 2/2
   953 | D:2      | Reached skill level 4 in Axes
  1243 | D:2      | Reached XP level 4. HP: 41/41 MP: 3/3
  1255 | D:2      | Found a shadowy altar of Dithmenos.
  1714 | D:2      | Reached skill level 5 in Axes
  1990 | D:3      | Noticed a phantom
  2223 | D:3      | Killed a phantom
  2223 | D:3      | Reached skill level 6 in Axes
  2223 | D:3      | Reached XP level 5. HP: 37/47 MP: 4/4
  2407 | D:3      | Reached skill level 5 in Fighting
  2407 | D:3      | Reached XP level 6. HP: 49/56 MP: 5/5
  2582 | D:3      | Noticed Jessica
  2586 | D:3      | Reached skill level 7 in Axes
  2592 | D:3      | Killed Jessica
  2714 | D:3      | Found a runed translucent gate.
  2714 | D:3      | Found a runed translucent gate.
  2715 | D:3      | Noticed Baz's ghost (amateur VSAr)
  2715 | D:3      | Noticed Peloso's ghost (amateur MiFi)
  2716 | D:3      | Noticed aloneDruid's ghost (amateur FoFi)
  2716 | D:3      | Noticed NormalPerson7T's ghost (weakling DDFi)
  2717 | D:3      | Found a runed translucent gate.
  3109 | D:3      | You fall through a shaft for 3 floors!
  3117 | D:5      | Entered Level 5 of the Dungeon
  3188 | D:4      | Reached skill level 8 in Axes
  3423 | D:3      | Killed aloneDruid's ghost
  3423 | D:3      | Reached skill level 9 in Axes
  3423 | D:3      | Reached XP level 7. HP: 27/61 MP: 6/6
  3429 | D:3      | Killed Baz's ghost
  3434 | D:3      | HP: 1/61 [Peloso's ghost (4)]
  3435 | D:3      | Mangled by Peloso's ghost

Skill      XL: |  1  2  3  4  5  6 |
---------------+-------------------+-----
Fighting       | 4 5 |  5.5
Axes           | 3 4 6 9 |  9.7
Armour         | |  3.6
Shields        | |  3.6

Action                   |  1- 3 |  4- 6 |  7- 9 || total
-------------------------+-------+-------+-------++-------
Melee: War axe           |    63 |   177 |    12 ||   252
       Headbutt          |     6 |    23 |     4 ||    33
  Eat: Chunk             |     1 |     7 |       ||     8
Armor: Scale mail        |    31 |    64 |     2 ||    97
Dodge: Dodged            |    20 |    44 |       ||    64
Block: Shield            |    39 |    97 |     4 ||   140
